 Dungeon Crawl Stone Soup version 0.26.1-11-gd32895ea62 (webtiles) character file.

Game seed: 14000307893918398163

15 bigdumb the Ducker (level 2, -2/14 HPs)
             Began as a Spriggan Transmuter on June 7, 2021.
             Slain by a kobold
             ... wielding a +0 club
              (7 damage)
             ... on level 1 of the Dungeon.
             The game lasted 00:03:00 (777 turns).

bigdumb the Ducker (Spriggan Transmuter)             Turns: 777, Time: 00:03:00

Health: -2/14      AC:  2    Str:  6    XL:     2   Next: 34%
Magic:  6/7        EV: 18    Int: 14    God:
Gold:   24         SH:  0    Dex: 16    Spells: 6/7 levels left

rFire    . . .     SeeInvis +     - Unarmed
rCold    . . .     Faith    .   (shield restricted)
rNeg     . . .     Spirit   .   a - +0 robe
rPois    .         Reflect  .   (helmet currently unavailable)
rElec    .         Harm     .   b - scarf {shadows}
rCorr    .         Rampage  .   (gloves unavailable)
Will     .....                  (boots unavailable)
Stlth    ++........             (no amulet)
HPRegen  0.04/turn              (no ring)
MPRegen  0.10/turn              (no ring)

@: appendages (expiring), very quick
A: very small, unfitting armour, horns 2, talons 2, see invisible, speed 3
a: End Transformation


You were on level 1 of the Dungeon.
You had grown temporary horns.
You had grown temporary talons.
You visited 1 branch of the dungeon, and saw 1 of its levels.

You collected 24 gold pieces.

Inventory:

Missiles
 c - 64 stones
Armour
 a - a +0 robe (worn)
 b - a scarf of shadows (worn)
 e - a +2 pair of gloves
Scrolls
 d - a scroll of remove curse {unknown}
Potions
 f - a potion of attraction {unknown}


   Skills:
 - Level 0.7 Fighting
 + Level 3.2 Dodging
 - Level 0.3 Stealth
 + Level 2.7 Unarmed Combat
 + Level 3.1 Spellcasting
 + Level 2.9 Transmutations


You had 6 spell levels left.
You knew the following spells:

 Your Spells              Type           Power        Failure   Level
a - Beastly Appendage     Tmut           10%          6%          1

Your spell library contained the following spells:

 Spells                   Type           Power        Failure   Level
 Wereblood                Tmut           5%           10%         2
 Spider Form              Tmut/Pois      1%           34%         3
 Ice Form                 Ice/Tmut       3%           75%         4
 Blade Hands              Tmut           2%           86%         5


Dungeon Overview and Level Annotations

Branches:
Dungeon (1/15)

Altars:


Innate Abilities, Weirdness & Mutations

You are very small and have problems with some larger weapons.
You are too small for most types of armour.
You have supernaturally acute eyesight. (SInv)
You cover ground extremely quickly.
You have a pair of horns on your head.
You have razor-sharp toenails.


Message History

You feel a numb sensation.
You grow a pair of large bovine horns.
Your feet morph into talons.
The kobold throws a stone.
The stone misses you.
The kobold throws a stone.
The stone completely misses you.
Your transformation is almost over.
The kobold closely misses you.
You barely miss the kobold. The kobold barely misses you.
You barely miss the kobold. You claw the kobold, but do no damage.
You barely miss the kobold. The kobold hits you with a +0 club.
You hit the kobold but do no damage. The kobold hits you with a +0 club.
You hit the kobold.
The kobold is moderately wounded.
The kobold hits you with a +0 club.
You are too injured to fight recklessly!
You are too injured to fight recklessly!
You hit the kobold but do no damage. You claw the kobold, but do no damage.
The kobold is moderately wounded.
The kobold hits you with a +0 club!
Ouch! That really hurt!
You die...

.#.##(#.# #...##.##...#....#
...##...# #...##.##...#..#.#
.######.#### #...##...........##
.# #.......####...###...........#
.# #.#####............###.....#.#
. #.# #............# #........
#.# #............###.....#.# #.#
#.####.K.###........##.#
#.#####.# #.@.# #####>......#
#.......# #...# ##.######
#.####### #...# #.# #### #)#
#...# #.###... # #.# ##.##
#.##.... ####.# ##(## #.#.....
.....##########...# #.......
###.......##......##########...).
# #.#####.##.............).......


You could see a kobold.

Vanquished Creatures
  4 goblins (D:1)
  A hobgoblin (D:1)
  2 kobolds (D:1)
  3 bats (D:1)
  A frilled lizard (D:1)
  4 rats (D:1)
15 creatures vanquished.

Notes
Turn   | Place    | Note
-------+----------+-------------------------------------------
     0 | D:1      | bigdumb the Spriggan Transmuter began the quest for the
                  | Orb.
     0 | D:1      | Reached XP level 1. HP: 9/9 MP: 5/5
   290 | D:1      | Reached XP level 2. HP: 8/14 MP: 5/7
   777 | D:1      | Slain by a kobold

Illustrated notes

Levels and vault maps discovered:
D:1:      minmay_arrival_shattered_statue, layout_loops_cross, item_on_display_a

Skill      XL: |  1 |
---------------+----+-----
Spellcasting   | 3 |  3.1
Fighting       | |  0.7
Dodging        | |  3.2
Stealth        | |  0.3
Unarmed Combat | |  2.7
Transmutations | |  2.9

Action                   || total
-------------------------++-------
Melee: Unarmed           ||    52
       Kick              ||     7
       Headbutt          ||     4
 Cast: Beastly Appendage ||    12
Armor: Robe              ||     2
Dodge: Dodged            ||    51
